 Dungeon Crawl Stone Soup version 0.23.0-3-gf3c87f2 (webtiles) character file.

Game seed: 11291486361917482016

200 Dazliare the Ruffian (level 5, -10/45 HPs)
             Began as a Draconian Transmuter on Feb 24, 2019.
             Mangled by a wyvern (14 damage)
             ... on level 3 of the Dungeon.
             The game lasted 00:07:21 (3347 turns).

Dazliare the Ruffian (Draconian Transmuter)         Turns: 3347, Time: 00:07:22

Health: -10/45     AC:  2    Str: 13    XL:     5   Next: 48%
Magic:  6/8        EV: 19    Int: 14    God:
Gold:   158        SH:  0    Dex: 16    Spells: 2/8 levels left

rFire    . . .     SeeInvis .     - Unarmed
rCold    . . .     Gourm    .   (shield currently unavailable)
rNeg     . . .     Faith    .   (armour unavailable)
rPois    x         Spirit   .   (helmet currently unavailable)
rElec    .         Reflect  .   (cloak currently unavailable)
rCorr    .         Harm     .   (gloves currently unavailable)
MR       .....                  (boots currently unavailable)
Stlth    +.........             (no amulet)
HPRegen  0.15/turn              (no ring)
MPRegen  0.11/turn              (no ring)

@: spider-form (expiring)
A: tiny, unfitting armour, AC +5
a: End Transformation


You were on level 3 of the Dungeon.
You were not hungry.
You were a venomous arachnid creature.
You visited 1 branch of the dungeon, and saw 3 of its levels.

You collected 158 gold pieces.

Inventory:

Hand Weapons
 a - a +0 hunting sling
Missiles
 b - 16 sling bullets
 d - 133 stones (quivered)
 l - 114 arrows
Armour
 s - a +0 cloak (melded)
Jewellery
 e - an uncursed ring of fire {unknown}
 j - a +2 ring of intelligence {unknown}
 k - a +4 amulet of reflection
Wands
 r - a wand of polymorph (5)
Scrolls
 f - a scroll of magic mapping
 i - a scroll of teleportation {@r4}
 m - a scroll of blinking {unknown}
 p - 3 scrolls of fog {unknown}
 t - a scroll of noise {unknown}
Potions
 g - a potion of cancellation
 n - 2 potions of curing {@q1}
 o - a potion of agility {unknown}
 q - a potion of flight {unknown}
 u - a potion of heal wounds {unknown}
Comestibles
 c - 3 rations {@e1}
 h - 8 chunks of flesh


   Skills:
 + Level 3.4 Fighting
 - Level 1.7 Dodging
 * Level 5.4 Unarmed Combat
 - Level 2.0 Spellcasting
 - Level 2.0 Transmutations


You had 2 spell levels left.
You knew the following spells:

 Your Spells              Type           Power        Failure   Level  Hunger
a - Beastly Appendage     Tmut           #.....       26%         1    ##.....
b - Sticks to Snakes      Tmut           #.......     34%         2    ###....
c - Spider Form           Tmut/Pois      #.........   65%         3    ####...

Your spell library contained the following spells:

 Spells                   Type           Power        Failure   Level  Hunger
 Ice Form                 Ice/Tmut       #.......     94%         4    #####..
 Blade Hands              Tmut           #.........   99%         5    ######.


Dungeon Overview and Level Annotations

Branches:
Dungeon (3/15)

Altars:
Qazlal


Innate Abilities, Weirdness & Mutations

((Your plain brown scales are hard. (AC +5)))
You cannot fit into any form of body armour.
((You are cold-blooded and may be slowed by cold attacks.))


Message History

* * * LOW HITPOINT WARNING * * *
The wyvern barely misses you.
You take 6 damage, and have 18/45 hp.
Unknown command.
Unknown command.
You hit the wyvern. The wyvern bites you!
* * * LOW HITPOINT WARNING * * *
You take 14 damage, and have 4/45 hp.
MASSIVE DAMAGE!!
Unknown command.
Okay, then.
Okay, then.
Okay, then.
Aim: a wyvern (moderately wounded, poisoned, chance to defeat MR: 46%)
The wyvern resists with some effort.
The wyvern completely misses you.
Okay, then.
Unknown command.
Aim: a wyvern (moderately wounded, poisoned, chance to defeat MR: 46%)
The wyvern resists with some effort.
The wyvern misses you. The wyvern bites you!
You die...

*,,* *,,,#....# *,*,**,#. *,,*
#.**#...## *,*,**,#< *,,* #.#
##.## *,*,**,#. *,,* #.# #.#
*,*,**,#. ****,,* #.# #.#
*,*,,,,.> *,,,,,* #.# #O#
*,***,*## *,***,* #.# #.# *,*
*,* *,* *,* ##.####.# *,* *,*
*,* #,* #...sl..# *,* *,*
**#.###.###..###### *,***,***
*,.......รท....## *,,,,,,,,
*,#####.##.....###########*,,,*
*,* #..................#***,*
*,* #[.#.....####.####.# *,*
*,* #..##...## #.# #.# *,* *,*
#..###.## #.# #.# *,* *,*
#...##.######.# #.# *,*


You could see a wyvern.

Vanquished Creatures
  Crazy Yiuf (D:2)
  Terence (D:2)
  6 adders
  An ooze (D:2)
  A worm (D:2)
  2 leopard geckos
  5 orcs (D:3)
  4 bats
  4 giant cockroaches
  15 goblins
  11 hobgoblins
  12 jackals
  A quokka (D:2)
  2 frilled lizards (D:2)
  3 kobolds
  8 rats
77 creatures vanquished.

Notes
Turn   | Place    | Note
-------+----------+-------------------------------------------
     0 | D:1      | Dazliare the Draconian Transmuter began the quest for the
                  | Orb.
     0 | D:1      | Reached XP level 1. HP: 16/16 MP: 3/3
   428 | D:1      | Reached XP level 2. HP: 23/23 MP: 5/5
   432 | D:1      | Learned a level 2 spell: Sticks to Snakes
   913 | D:1      | Reached XP level 3. HP: 26/29 MP: 4/6
   918 | D:1      | Learned a level 3 spell: Spider Form
  1080 | D:1      | Reached skill level 4 in Unarmed Combat
  2052 | D:2      | Noticed Terence
  2065 | D:2      | Killed Terence
  2065 | D:2      | Reached XP level 4. HP: 37/37 MP: 0/7
  2187 | D:2      | Found a runed translucent door.
  2188 | D:2      | Noticed Crazy Yiuf
  2487 | D:2      | Killed Crazy Yiuf
  2735 | D:2      | Reached skill level 5 in Unarmed Combat
  2774 | D:2      | Reached XP level 5. HP: 40/45 MP: 8/8
  2867 | D:3      | Found a stormy altar of Qazlal.
  3322 | D:3      | Noticed an ogre
  3340 | D:3      | Noticed a wyvern
  3340 | D:3      | an ogre changed into a wyvern
  3347 | D:3      | Mangled by a wyvern

Skill      XL: |  1  2  3  4 |
---------------+-------------+-----
Fighting       | 2 3 |  3.4
Unarmed Combat | 4 5 |  5.4
Dodging        | |  1.7
Spellcasting   | |  2.0
Transmutations | |  2.0

Action                   |  1- 3 |  4- 6 || total
-------------------------+-------+-------++-------
Melee: Unarmed           |   128 |   113 ||   241
       Tailslap          |     7 |     7 ||    14
       Kick              |     3 |     1 ||     4
       Punch             |     1 |     1 ||     2
       Headbutt          |       |     1 ||     1
 Fire: Hunting sling     |    20 |    22 ||    42
 Cast: Beastly Appendage |    10 |     3 ||    13
       Spider Form       |     1 |     2 ||     3
       Sticks to Snakes  |       |     1 ||     1
Evoke: Wand              |       |     4 ||     4
  Use: Scroll            |       |     4 ||     4
       Potion            |       |     1 ||     1
 Stab: Sleeping          |       |     2 ||     2
  Eat: Chunk             |     4 |     5 ||     9
Armor: Skin              |    46 |    42 ||    88
Dodge: Dodged            |    94 |    77 ||   171
